 Dungeon Crawl Stone Soup version 0.24-a0-201-gf205589 (webtiles) character file.

Game seed: 13871110282232222355

294 Azzok the Firebug (level 6, -1/36 HPs)
             Began as an Octopode Fire Elementalist on Mar 22, 2019.
             Slain by a worker ant (6 damage)
             ... on level 4 of the Dungeon.
             The game lasted 00:04:27 (3739 turns).

Azzok the Firebug (Octopode Fire Elementalist)      Turns: 3739, Time: 00:04:28

Health: -1/36      AC:  1    Str:  7    XL:     6   Next: 33%
Magic:  1/11       EV: 13    Int: 19    God:
Gold:   227        SH:  0    Dex: 13    Spells: 4/12 levels left

rFire    . . .     SeeInvis .   (no weapon)
rCold    . . .     Gourm    .   (no shield)
rNeg     . . .     Faith    .   (helmet restricted)
rPois    .         Spirit   .   (no amulet)
rElec    .         Reflect  .   (no ring)
rCorr    .         Harm     .   (no ring)
MR       .....                  (no ring)
Stlth    +++.......             (no ring)
HPRegen  0.12/turn              (no ring)
MPRegen  0.12/turn              (no ring)
                                (no ring)
                                (no ring)

@: lethally poisoned (-1 -> -13), very slightly contaminated
A: almost no armour, stealthy swim, amphibious, 8 rings, constrict 8, camouflage
1, gelatinous body 1
a: no special abilities


You were on level 4 of the Dungeon.
You were not hungry.

You visited 1 branch of the dungeon, and saw 4 of its levels.

You collected 227 gold pieces.

Inventory:

Armour
 o - a +0 buckler
Wands
 r - a wand of digging (8)
Scrolls
 a - 3 scrolls of magic mapping {unknown}
 e - 5 scrolls of remove curse {unknown}
 f - 3 scrolls of identify {unknown}
 h - 4 scrolls of teleportation {unknown}
 j - 2 scrolls of enchant armour {unknown}
 k - a scroll of fear {unknown}
 n - a scroll of random uselessness {unknown}
 p - 2 scrolls of blinking {unknown}
Potions
 c - 2 potions of curing {unknown}
 d - 2 potions of heal wounds {unknown}
 g - 2 potions of might {unknown}
 i - 2 potions of haste {unknown}
 m - a potion of degeneration {unknown}
 q - 2 potions of flight {unknown}
Comestibles
 b - 4 rations


   Skills:
 - Level 2.0 Dodging
 - Level 2.6 Stealth
 + Level 3.8 Spellcasting
 + Level 3.5 Conjurations
 + Level 4.6 Fire Magic


You had 4 spell levels left.
You knew the following spells:

 Your Spells              Type           Power        Failure   Level  Hunger
a - Flame Tongue          Conj/Fire      ###..        2%          1    None
b - Conjure Flame         Conj/Fire      ###.....     8%          3    ###....
c - Sticky Flame          Conj/Fire      ###.....     26%         4    ####...

Your spell library contained the following spells:

 Spells                   Type           Power        Failure   Level  Hunger
 Throw Flame              Conj/Fire      ###...       4%          2    ##.....
 Inner Flame              Hex/Fire       ##......     16%         3    ###....
 Fireball                 Conj/Fire      ###.......   58%         5    ######.


Dungeon Overview and Level Annotations

Branches:
Dungeon (4/15)
 Temple: D:4-7

Altars:
Cheibriados

Annotations:
D:3 1 runed translucent door, emperorscorpion's ghost, weakling DrTm


Innate Abilities, Weirdness & Mutations

You cannot wear most types of armour.
You are very stealthy in the water. (Stealth+)
You are amphibious.
You can wear up to eight rings at the same time.
You can use your tentacles to constrict eight enemies at once.
Your skin changes colour to match your surroundings (Stealth+).
Your rubbery body absorbs attacks. (AC +1, EV +1)


Message History

The worker ant bites you but does no damage.
The worker ant bites you!
* * * LOW HITPOINT WARNING * * *
You barely miss the worker ant.
The worker ant is heavily wounded.
You constrict the worker ant, but do no damage.
You feel sick. The worker ant barely misses you.
You tentacle-slap the worker ant but do no damage.
Your squeeze misses the worker ant.
The worker ant is heavily wounded.
You constrict the worker ant. The worker ant bites you.
* * * LOW HITPOINT WARNING * * *
You are lethally poisoned!
The worker ant poisons you!
You tentacle-slap the worker ant but do no damage.
The worker ant is heavily wounded.
You constrict the worker ant.
* * * LOW HITPOINT WARNING * * *
You feel sick. The worker ant bites you.
You die...

▒
▒·▒▒▒▒▒▒▒╬▒▒▒▒▒▒▒
╬·····▒··a@·····╬
▒·····▒··▒······▒
▒···<····▒▒▒▒▒▒▒··
▒········▒▒····
▒·····▒<·······▒
▒·····▒········▒
▒(··· ▒··▒▒····▒
···· ···▒ ····▒
···▒ ··▒▒▒ ····


You could see a worker ant.

Vanquished Creatures
  A hound (D:4)
  3 orc priests
  Terence (D:3)
  An iguana (D:3)
  4 adders
  An ooze (D:1)
  4 worms
  2 dart slugs
  4 leopard geckos
  4 orcs (D:3)
  4 giant cockroaches
  7 goblins
  7 hobgoblins
  3 jackals (D:2)
  2 quokkas (D:3)
  7 bats
  2 frilled lizards
  5 kobolds
  6 rats
68 creatures vanquished.

Vanquished Creatures (others)
  4 toadstools (D:1)
4 creatures vanquished.

Grand Total: 72 creatures vanquished

Notes
Turn   | Place    | Note
-------+----------+-------------------------------------------
     0 | D:1      | Azzok the Octopode Fire Elementalist began the quest for
                  | the Orb.
     0 | D:1      | Reached XP level 1. HP: 11/11 MP: 3/3
   176 | D:1      | Reached XP level 2. HP: 1/17 MP: 0/5
   943 | D:2      | Reached XP level 3. HP: 21/21 MP: 1/6
  1629 | D:2      | Reached XP level 4. HP: 23/27 MP: 3/8
  1697 | D:2      | Found a snail-covered altar of Cheibriados.
  1972 | D:2      | Found a faded altar of an unknown god.
  2265 | D:3      | Found a runed translucent door.
  2355 | D:3      | HP: 1/27 [orc priest/+0 dagger (1)]
  2357 | D:2      | Reached skill level 4 in Fire Magic
  2357 | D:2      | Reached XP level 5. HP: 1/31 MP: 5/9
  2808 | D:3      | Noticed emperorscorpion's ghost (weakling DrTm)
  3123 | D:3      | Reached XP level 6. HP: 25/36 MP: 4/11
  3128 | D:3      | Learned a level 3 spell: Conjure Flame
  3133 | D:3      | Learned a level 4 spell: Sticky Flame
  3512 | D:3      | Noticed Terence
  3520 | D:3      | Killed Terence
  3739 | D:4      | Slain by a worker ant

Levels and vault maps discovered:
D:1:      ldierk_walled_garden_2, layout_basic, minmay_pentomino_u4
D:2:      layout_rooms, lemuel_round_altar, chequers_ecumenical_altar_grove
D:3:      layout_loops_corners, portal_sewer_entry_e,
          ebering_ghost_reflecting_pool, uniq_terence
D:4:      layout_gridville, first_ration, nrook_mini_backslash,
          kennysheep_generic_room_16

Skill      XL: |  1  2  3  4  5 |
---------------+----------------+-----
Conjurations   | 2 3 |  3.5
Spellcasting   | 3 |  3.8
Fire Magic     | 4 |  4.6
Dodging        | |  2.0
Stealth        | |  2.6

Action                   |  1- 3 |  4- 6 || total
-------------------------+-------+-------++-------
Melee: Unarmed           |     6 |    12 ||    18
       Tentacles         |     4 |     2 ||     6
       Constrict         |     2 |     4 ||     6
 Cast: Flame Tongue      |    46 |    91 ||   137
       Sticky Flame      |       |     2 ||     2
  Eat: Chunk             |     2 |     7 ||     9
Armor: Skin              |       |     5 ||     5
Dodge: Dodged            |     9 |    31 ||    40

Table legend:
 A = Non-vault XP
 B = Vault XP
 C = Vault XP percentage of total XP
 D = Non-vault monster count
 E = Vault monster count
 F = Vault count percentage of total count
                 A         B        C        D         E       F
            +---------+---------+-------+---------+---------+-------
      Total |     372 |      48 |  11.4 |      63 |       5 |   7.4
            +---------+---------+-------+---------+---------+-------
        D:1 |      17 |      12 |  41.4 |       8 |       4 |  33.3
        D:2 |     117 |       0 |   0.0 |      26 |       0 |   0.0
        D:3 |     193 |      36 |  15.7 |      28 |       1 |   3.4
        D:4 |      45 |       0 |   0.0 |       1 |       0 |   0.0
            +---------+---------+-------+---------+---------+-------
